 Dungeon Crawl Stone Soup version 0.23.1-37-gaa34b87 (webtiles) character file.

Game seed: 829267518501954126

124 misha the Skirmisher (level 4, -3/41 HPs)
             Began as a Minotaur Fighter on Mar 21, 2019.
             Slain by an orc wizard
             ... wielding a +1 dagger of venom
              (5 damage)
             ... on level 3 of the Dungeon.
             The game lasted 00:04:06 (1532 turns).

misha the Skirmisher (Minotaur Fighter)             Turns: 1532, Time: 00:04:06

Health: -3/41      AC:  8    Str: 22    XL:     4   Next: 81%
Magic:  3/3        EV:  7    Int:  5    God:
Gold:   98         SH:  9    Dex:  9    Spells: 3/3 levels left

rFire    . . .     SeeInvis .   a - +0 war axe
rCold    . . .     Gourm    .   c - +0 shield
rNeg     . . .     Faith    .   b - +0 scale mail
rPois    .         Spirit   .   (helmet restricted)
rElec    .         Reflect  .   (no cloak)
rCorr    .         Harm     .   o - +0 pair of gloves
MR       .....                  (no boots)
Stlth    ..........             (no amulet)
HPRegen  0.13/turn              (no ring)
MPRegen  0.08/turn              (no ring)

@: lethally poisoned (-3 -> -43)
A: retaliatory headbutt, horns 2
a: no special abilities


You were on level 3 of the Dungeon.
You were not hungry.

You visited 1 branch of the dungeon, and saw 3 of its levels.

You collected 98 gold pieces.

Inventory:

Hand Weapons
 a - a +0 war axe (weapon)
Armour
 b - a +0 scale mail (worn)
 c - a +0 shield (worn)
 o - a +0 pair of gloves (worn)
Jewellery
 g - an uncursed ring of stealth {unknown}
 h - an uncursed ring of protection from magic {unknown}
 k - a cursed -3 ring of protection {unknown}
 q - an uncursed ring of protection from magic {unknown}
Scrolls
 i - a scroll of enchant weapon
 j - 3 scrolls of teleportation
 l - a scroll of amnesia {unknown}
 m - a scroll of fog {unknown}
 p - a scroll of immolation {unknown}
Potions
 d - a potion of might
 e - a potion of agility
Comestibles
 f - 9 rations


   Skills:
 + Level 4.7 Fighting
 * Level 4.3 Axes
 + Level 4.6 Armour
 - Level 0.2 Dodging
 - Level 3.7 Shields


You had 3 spell levels left.
You didn't know any spells.
Your spell library was empty.

Dungeon Overview and Level Annotations

Branches:
Dungeon (3/15)

Altars:


Innate Abilities, Weirdness & Mutations

You reflexively headbutt those who attack you in melee.
You have a pair of horns on your head.


Message History

You hit the orc wizard but do no damage.
Your headbutt misses the orc wizard.
The orc wizard is moderately wounded.
* * * LOW HITPOINT WARNING * * *
You feel very sick.
The orc wizard hits you but does no damage.
You are more poisoned.
You block the orc wizard's attack.
You barely miss the orc wizard. Your headbutt misses the orc wizard.
The orc wizard is moderately wounded.
* * * LOW HITPOINT WARNING * * *
You feel very sick.
The orc wizard hits you but does no damage.
You are more poisoned.
You slash the orc wizard!
The orc wizard is almost dead.
* * * LOW HITPOINT WARNING * * *
You feel very sick.
The orc wizard hits you with a +1 dagger of venom.
You die...

.## ### ...
...
#..###.##
#..#@o.<#
#..#.#..#
#..#.#..# #
#.#.#..#.#..
#...#.......
#....†...o..
#...#)......
#.#.#.......
#.#.......#.


You could see an orc wizard.

Vanquished Creatures
  An orc wizard (D:3)
  Robin (D:2)
  2 adders
  2 dart slugs (D:2)
  2 leopard geckos (D:1)
  2 orcs (D:3)
  2 giant cockroaches
  5 hobgoblins
  8 bats
  3 frilled lizards
  18 goblins
  10 kobolds
  2 rats
58 creatures vanquished.

Notes
Turn   | Place    | Note
-------+----------+-------------------------------------------
     0 | D:1      | misha the Minotaur Fighter began the quest for the Orb.
     0 | D:1      | Reached XP level 1. HP: 19/19 MP: 0/0
   135 | D:1      | Reached XP level 2. HP: 27/27 MP: 1/1
   571 | D:1      | Reached XP level 3. HP: 31/33 MP: 2/2
  1060 | D:2      | Noticed Robin
  1083 | D:2      | Killed Robin
  1083 | D:2      | Reached XP level 4. HP: 37/41 MP: 3/3
  1532 | D:3      | HP: 2/41 [poisoned by an orc wizard]
  1532 | D:3      | Slain by an orc wizard

Skill      XL: |  1  2  3  4 |
---------------+-------------+-----
Fighting       | 4 |  4.7
Axes           | 3 4 |  4.3
Armour         | 4 |  4.6
Dodging        | |  0.2
Shields        | |  3.7

Action                   |  1- 3 |  4- 6 || total
-------------------------+-------+-------++-------
Melee: War axe           |   107 |    43 ||   150
       Headbutt          |    16 |     3 ||    19
  Use: Scroll            |       |     3 ||     3
  Eat: Chunk             |       |     2 ||     2
Armor: Scale mail        |    56 |    24 ||    80
Dodge: Dodged            |    38 |    10 ||    48
Block: Shield            |    60 |    16 ||    76
